 Dungeon Crawl Stone Soup version bcrawl-1.19.2-6-g6a88ae04c9 (webtiles) character file.

Game seed: 17798660074453764022

97 Artagas the Sneak (level 4, -4/28 HPs)
             Began as a Vine Stalker Rogue on Dec 15, 2019.
             Slain by an orc
             ... wielding a +0 rapier
              (5 damage)
             ... on level 3 of the Dungeon.
             The game lasted 00:02:20 (1947 turns).

Artagas the Sneak (Vine Stalker Rogue)              Turns: 1947, Time: 00:02:21

Health: -4/28      AC:  4    Str: 14    XL:     4   Next: 68%
Magic:  6/6        EV: 10    Int: 11    God:
Gold:   174        SH:  3    Dex: 16    Spells: 3/3 levels left

rFire    . . .     SeeInvis .   a - +2 dagger
rCold    . . .     Gourm    .   v - +0 buckler (curse)
rNeg     . . .     Faith    .   c - +0 robe
rPois    .         Spirit   .   m - +0 helmet
rElec    .         Reflect  .   d - +0 cloak
rCorr    .         Harm     .   (no gloves)
MR       .....                  (no boots)
Stlth    +++.......             (no amulet)
HPRegen  0.49/turn              (no ring)
MPRegen  0.10/turn              (no ring)

@: no status effects
A: fangs 2, regeneration 1, no potion heal 3, rot immunity, strong jaws
a: no special abilities


You were on level 3 of the Dungeon.
You were not hungry.

You visited 1 branch of the dungeon, and saw 3 of its levels.

You collected 174 gold pieces.

Inventory:

Hand Weapons
 a - a +2 dagger (weapon)
 b - a +0 blowgun
Missiles
 h - 80 poisoned needles
 w - 115 needles of confusion
Armour
 c - a +0 robe (worn)
 d - a +0 cloak (worn)
 j - a +0 ring mail
   (You found it on level 1 of the Dungeon)
 m - a +0 helmet (worn)
   (You found it on level 1 of the Dungeon)
 v - a cursed +0 buckler (worn)
   (You found it on level 2 of the Dungeon)
Wands
 f - a wand of flame (15)
 g - a wand of enslavement (15)
Scrolls
 p - a scroll of immolation
 r - a scroll of blinking {unknown}
 s - a scroll of fog {unknown}
 t - 2 scrolls of teleportation
Potions
 k - 2 potions of cancellation
 l - a potion of curing {unknown}
 n - a potion of resistance
 o - a potion of agility {unknown}
 q - a potion of mutation {unknown}
Comestibles
 e - 4 rations {!d}


   Skills:
 - Level 3.0 Fighting
 + Level 3.5 Short Blades
 - Level 5.8 Stealth
 - Level 1.7 Evocations


You had 3 spell levels left.
You didn't know any spells.
Your spell library was empty.

Dungeon Overview and Level Annotations

Branches:
Dungeon (3/12)

Altars:
Makhleb


Innate Abilities, Weirdness & Mutations

You have extremely sharp teeth.
Your natural rate of healing is unusually fast.
Potions cannot restore your health.
You are immune to rotting.
Your bites deal extra damage.


Message History

You hit the orc.
The orc is heavily wounded.
The hobgoblin hits you with a +0 club. The orc barely misses you.
You are too injured to fight recklessly!
You are too injured to fight recklessly!
You are too injured to fight recklessly!
Found a stone staircase leading down.
The hobgoblin barely misses you.
You hit the hobgoblin but do no damage. The hobgoblin hits you with a +0 club!
You are too injured to fight recklessly!
You are too injured to fight recklessly!
You are too injured to fight recklessly!
You are too injured to fight recklessly!
You are too injured to fight recklessly!
You are too injured to fight recklessly!
You are too injured to fight recklessly!
You are too injured to fight recklessly!
You are too injured to fight recklessly!
You are too injured to fight recklessly!
You are too injured to fight recklessly!
You hit the hobgoblin but do no damage. You block the hobgoblin's attack.
You hit the hobgoblin but do no damage. The hobgoblin barely misses you.
You hit the hobgoblin but do no damage. You hit the hobgoblin.
The hobgoblin is severely wounded.
You block the hobgoblin's attack.
You are feeling hungry.
You hit the hobgoblin.
You kill the hobgoblin!
You hit the orc.
You kill the orc!
p - 2 scrolls labeled WUGOMI YPTES (gained 1)
Items here: )) [ † a +0 dagger; a +0 club; a +0 scale mail; a hobgoblin corpse You start resting.
HP restored.
You start waiting.
Done waiting.
You start waiting.
You are feeling very hungry.
You butcher the hobgoblin corpse.
i - 4 chunks of flesh
Items here: )) [ ÷ a +0 dagger; a +0 club; a +0 scale mail; a hobgoblin skeleton
Items here: )) [ ÷ a +0 dagger; a +0 club; a +0 scale mail; a hobgoblin skeleton Eating one of 4 chunks of flesh.
You eat one of the 4 chunks of flesh.
This raw flesh tastes terrible.
Things that are here:
a +0 flail; 81 tomahawks
Items here: ))) [[ a +0 club; a +0 leather armour; a +0 flail; a +0 whip; a +0 chain mail
Found an escape hatch in the ceiling.
You now have 174 gold pieces (gained 18).
Found a stone staircase leading up.
All of the chunks of flesh in your inventory have rotted away.
An orc comes into view. It is wielding a +0 dagger.
An orc is nearby!
An orc comes into view. It is wielding a +0 dagger.
The orc shouts!
You hear a shout!
The orc barely misses you.
The orc shouts!
You hear an angry hiss.
Found a dagger.
You hit the orc.
The orc is heavily wounded.
You block the orc's attack.
An orc comes into view. It is wielding a +0 rapier.
You hit the orc.
You kill the orc!
The orc barely misses you.
You barely miss the orc. You barely miss the orc. The orc closely misses you.
You closely miss the orc.
An adder comes into view.
The orc drinks a potion.
The orc seems to speed up.
The orc barely misses you.
Found a stone staircase leading up.
The orc barely misses you. The orc hits you with a +0 rapier.
The adder hisses angrily.
You hit the orc. Your bite misses the orc.
The orc is moderately wounded.
The orc hits you but does no damage. The orc hits you with a +0 rapier.
You hit the orc.
The orc is heavily wounded.
The orc hits you with a +0 rapier. The orc hits you with a +0 dagger.
You are too injured to fight recklessly!
You are too injured to fight recklessly!
The orc hits you with a +0 rapier.
* * * LOW HITPOINT WARNING * * *
The orc hits you with a +0 dagger.
* * * LOW HITPOINT WARNING * * *
The orc hits you with a +0 rapier.
* * * LOW HITPOINT WARNING * * *
Okay, then.
As you read the scroll labeled WUGOMI YPTES, it crumbles to dust.
The creatures around you are filled with an inner flame!
It was a scroll of immolation.
You block the adder's attack. The orc hits you with a +0 dagger.
* * * LOW HITPOINT WARNING * * *
The orc hits you with a +0 rapier.
You die...

## .#
.##################
..................#
###############...#
..# ........).# #.#
########@o# ...
......So.# #.#
######...# # #...#
#...# #.).# #<#.#
#.#.# #.#..


You could see an adder (inner flame) and 2 orcs.

Vanquished Creatures
  A hound (D:2)
  An adder (D:3)
  A dart slug (D:2)
  A leopard gecko (D:1)
  7 orcs (D:3)
  2 giant cockroaches (D:1)
  5 goblins
  7 hobgoblins
  2 jackals (D:2)
  8 kobolds
  3 bats
  6 frilled lizards
  4 rats (D:1)
48 creatures vanquished.

Notes
Turn   | Place    | Note
-------+----------+-------------------------------------------
     0 | D:1      | Artagas the Vine Stalker Rogue began the quest for the Orb.
     0 | D:1      | Reached XP level 1. HP: 12/12 MP: 3/3
    52 | D:1      | Reached skill level 2 in Fighting
    52 | D:1      | Reached skill level 2 in Short Blades
   102 | D:1      | Reached XP level 2. HP: 17/17 MP: 4/4
   641 | D:1      | Reached XP level 3. HP: 22/22 MP: 5/5
   985 | D:2      | Found a burning altar of Makhleb.
  1048 | D:2      | Reached XP level 4. HP: 27/27 MP: 6/6
  1075 | D:2      | Reached skill level 3 in Fighting
  1075 | D:2      | Reached skill level 3 in Short Blades
  1946 | D:3      | HP: 1/28 [orc/+0 rapier (4)]
  1947 | D:3      | Slain by an orc

Skill      XL: |  1  2  3  4 |
---------------+-------------+-----
Fighting       | 2 3 |  3.0
Short Blades   | 2 3 |  3.5
Stealth        | |  5.8
Evocations     | |  1.7

Action                   |  1- 3 |  4- 6 || total
-------------------------+-------+-------++-------
Melee: Dagger            |    57 |    76 ||   133
       Bite              |     3 |     7 ||    10
  Use: Scroll            |       |     5 ||     5
 Stab: Sleeping          |    11 |     3 ||    14
  Eat: Chunk             |       |     3 ||     3
Armor: Robe              |    11 |    17 ||    28
Dodge: Dodged            |    32 |    27 ||    59
Block: Buckler           |       |     9 ||     9

Levels and vault maps discovered:
D:1:      dpeg_arrival_tiny_d, layout_basic, dk_noncrumbling_2,
          dk_noncrumbling_4, minmay_tripent
D:2:      layout_rooms, first_ration, kennysheep_decorative_pillar,
          minmay_statues_item, makhleb_blood_cavern_becter
D:3:      wander_river, layout_basic

Table legend:
 A = Turns spent in this place as a percentage of turns spent in the entire game.
 B = Non-inter-level travel turns spent in this place as a percentage of non-inter-level travel turns spent in the entire game.
 C = Inter-level travel turns spent in this place as a percentage of turns spent in this place.
 D = Turns resting spent in this place as a percentage of non-inter-level travel turns spent in this place.
 E = Turns spent auto-exploring this place as a percentage of non-inter-level travel turns spent in this place.
 F = Non-inter-level travel turns spent in this place divided by the number of levels of this place that you've seen.
                   A       B       C       D       E      F
               +-------+-------+-------+-------+-------+----------------------
         Total | 100.0 | 100.0 |   2.8 |  22.3 |  58.3 | 631.0
       Dungeon | 100.0 | 100.0 |   2.8 |  22.3 |  58.3 | 631.0
               +-------+-------+-------+-------+-------+----------------------

Table legend:
 A = Kills in this place as a percentage of kills in entire the game.
 B = Kills by you in this place as a percentage of kills by you in the entire game.
 C = Kills by friends in this place as a percentage of kills by friends in the entire game.
 D = Other kills in this place as a percentage of other kills in the entire game.
 E = Experience gained in this place as a percentage of experience gained in the entire game.
 F = Experience gained in this place divided by the number of levels of this place that you have seen.
                   A       B       C       D       E      F
               +-------+-------+-------+-------+-------+----------------------
         Total | 100.0 | 100.0 |   N/A |   N/A | 100.0 |  46.3
       Dungeon | 100.0 | 100.0 |   N/A |   N/A | 100.0 |  46.3
               +-------+-------+-------+-------+-------+----------------------
